 Dungeon Crawl Stone Soup version 0.28-a0-580-ga2639ab843 (webtiles) character file.

Game seed: 2746589905957313989

231 senseless the Cudgeller (level 6, -1/39 HPs)
             Began as a Gargoyle Chaos Knight on Oct 2, 2021.
             Was a Plaything of Xom.
             Slain by an orc warrior (16 damage)
             ... on level 4 of the Dungeon.
             The game lasted 00:07:59 (3166 turns).

senseless the Cudgeller (Gargoyle Chaos Knight)     Turns: 3166, Time: 00:08:00

Health: -1/39      AC:  9    Str: 18    XL:     6   Next: 4%
Magic:  5/6        EV: 16    Int: 12    God:    Xom [..*...]
Gold:   70         SH:  0    Dex: 11    Spells: 4/5 levels left

rFire   . . .      SeeInvis .   a - +0 mace (chaos)
rCold   . . .      Faith    .   (no shield)
rNeg    + . .      Spirit   .   i - +2 robe {Archmagi}
rPois   ∞          Reflect  .   (no helmet)
rElec   +          Harm     .   m - +0 cloak
rCorr   .          Rampage  .   (no gloves)
Will    +....      Archmagi +   (no boots)
Stlth   +.........              l - amulet of the acrobat
HPRegen 0.13/turn               e - ring of willpower
MPRegen 0.10/turn               r - +4 ring of evasion

@: no status effects
A: sickness immunity, AC +4, negative energy resistance 1, electricity
resistance, torment resistance 1, petrification resistance, talons 1, agile 1
a: Renounce Religion


You were on level 4 of the Dungeon.
You worshipped Xom.
You were a toy of Xom.
You visited 1 branch of the dungeon, and saw 4 of its levels.

You collected 70 gold pieces.

Inventory:

Hand Weapons
 a - a +0 mace of chaos (weapon)
Missiles
 g - 15 poisoned darts
 o - 5 atropa-tipped darts
Armour
 b - a +2 leather armour
 i - a +2 robe of the Archmagi (worn)
 m - a +0 cloak (worn)
Jewellery
 e - a ring of willpower (left hand)
 k - a ring of protection from cold
 l - an amulet of the acrobat (around neck)
 r - a +4 ring of evasion (right hand)
Wands
 q - a wand of iceblast (11)
Scrolls
 c - a scroll of enchant armour {unknown}
Potions
 d - 2 potions of might {unknown}
 f - a potion of haste {unknown}
 h - a potion of attraction {unknown}
 j - a potion of curing {unknown}
 n - 2 potions of ambrosia {unknown}
 p - a potion of lignification {unknown}


   Skills:
 + Level 4.6 Fighting
 + Level 4.9 Maces & Flails
 + Level 2.7 Armour
 + Level 1.9 Dodging
 + Level 1.0 Stealth


You had 4 spell levels left.
You knew the following spells:

 Your Spells              Type           Power      Damage    Failure   Level
a - Shock                 Conj/Air       0%         1d3       32%         1

Your spell library contained the following spells:

 Spells                   Type           Power      Damage    Failure   Level
 Swiftness                Air            0%         N/A       69%         3
 Airstrike                Air            0%         N/A       97%         4


Dungeon Overview and Level Annotations

Branches:
Dungeon (4/15)
 Temple: D:4-7

Altars:
Cheibriados


Innate Abilities, Weirdness & Mutations

You are immune to sickness and miasma.
Your stone body is resilient. (AC +4)
You are immune to poison.
You resist negative energy. (rN+)
You are resistant to electric shocks. (rElec)
You are resistant to unholy torment.
You are immune to petrification.
You have sharp toenails.
You are agile. (Dex +2)


Message History

Lightning courses through the endoplasm!
You kill the endoplasm!
You barely miss the orc.
The orc is lightly wounded.
The orc closely misses you.
You hit the orc but do no damage.
The orc is poisoned.
You claw the orc.
You kill the orc!
You hit the orc wizard. You freeze the orc wizard.
The orc wizard is moderately wounded.
The orc wizard misses you.
You hit the orc wizard. You claw the orc wizard.
The orc wizard is heavily wounded.
The orc wizard barely misses you.
You closely miss the orc wizard. Your kick misses the orc wizard.
The orc wizard is heavily wounded.
The orc wizard hits you with a +2 dagger of draining.
You hit the orc wizard but do no damage.
Your kick misses the orc wizard.
The orc wizard is heavily wounded.
The orc wizard hits you with a +2 dagger of draining.
You hit the orc warrior.
The orc warrior is poisoned.
The orc warrior is lightly wounded.
You barely miss the orc warrior. You claw the orc warrior.
The orc warrior is moderately wounded.
The orc warrior misses you.
You closely miss the orc warrior.
The orc warrior is heavily wounded.
The orc warrior closely misses you.
You sock the orc warrior! You freeze the orc warrior.
Your kick misses the orc warrior.
The orc warrior is almost dead.
The orc warrior hits you with a +0 war axe.
The orc warrior misses you.
You are too injured to fight recklessly!
You are too injured to fight recklessly!
You hit the orc warrior but do no damage.
The orc warrior is almost dead.
The orc warrior hits you with a +0 war axe!
You die... "What!?
That's it?"

#########.##..#.####
..........##.###...##
############..#.....######
###.#####.....#
#.##........# #.##.#
.....# #.##.# ....#
#.##o####.#.#
#.#@#o##....##.#o.
#..###J...o.o.o... #.##
##o.........# ##.
#......###### #.#.##....#
#.# ####.# #.# .# # . <# #
##


You could see an orc warrior (poisoned).

Vanquished Creatures
  A golden eye (shapeshifter) (D:2)
  A hound skeleton (D:4)
  2 adders (D:2)
  A worm (D:3)
  4 dart slugs
  2 orcs (D:4)
  3 ball pythons
  4 bats
  5 endoplasms
  2 giant cockroaches (D:1)
  5 goblins
  5 hobgoblins
  3 quokkas
  A frilled lizard (D:1)
  8 kobolds
  4 rats
51 creatures vanquished.

Vanquished Creatures (others)
  9 fungi (D:3)
9 creatures vanquished.

Grand Total: 60 creatures vanquished

Notes
Turn   | Place    | Note
-------+----------+-------------------------------------------
     0 | D:1      | senseless the Gargoyle Chaos Knight began the quest for the
                  | Orb.
     0 | D:1      | Reached XP level 1. HP: 14/14 MP: 1/1
    75 | D:1      | XOM: divination: magic mapping
   149 | D:1      | XOM: cloud trail
   224 | D:1      | Reached XP level 2. HP: 16/20 MP: 2/2
   553 | D:1      | Found a faded altar of an unknown god.
   610 | D:1      | XOM: cloud trail
   765 | D:1      | XOM: blink monster(s)
   766 | D:1      | Reached skill level 1 in Dodging
   771 | D:1      | Reached XP level 3. HP: 16/24 MP: 3/3
  1261 | D:2      | Noticed a glowing shapeshifter
  1261 | D:2      | a rat changed into a glowing shapeshifter
  1261 | D:2      | Noticed a merfolk
  1261 | D:2      | a glowing shapeshifter changed into a merfolk
  1264 | D:2      | Noticed a wolf spider
  1264 | D:2      | a merfolk changed into a wolf spider
  1265 | D:2      | Noticed a water nymph
  1265 | D:2      | a wolf spider changed into a water nymph
  1270 | D:2      | Noticed an ettin
  1270 | D:2      | a water nymph changed into an ettin
  1616 | D:2      | XOM: 1-stop teleportation journey
  1995 | D:2      | Noticed a golden eye
  2002 | D:2      | Killed a golden eye
  2003 | D:2      | Reached XP level 4. HP: 30/30 MP: 4/4
  2003 | D:2      | Reached XP level 5. HP: 34/34 MP: 5/5
  2057 | D:2      | XOM: give mutations
  2057 | D:2      | Gained mutation: You are agile. (Dex +2) [Xom's grace]
  2057 | D:2      | Gained mutation: You have sharp toenails. [Xom's grace]
  2474 | D:2      | XOM: summons 4 hostile shadow creatures
  2681 | D:3      | Learned a level 1 spell: Shock
  2709 | D:3      | Found a snail-covered altar of Cheibriados.
  3072 | D:4      | Reached skill level 1 in Stealth
  3072 | D:4      | Reached XP level 6. HP: 39/39 MP: 6/6
  3143 | D:4      | Noticed an orc warrior
  3166 | D:4      | Slain by an orc warrior

Illustrated notes

Levels and vault maps discovered:
D:1:      dpeg_arrival_houses_and_road, layout_basic,
          hellmonk_ecumenical_altar_leap_of_faith, lemuel_another_geyser
D:2:      layout_loops_corners
D:3:      layout_rooms, mainiacjoe_overflow_cross_hatched
D:4:      kennysheep_six_static_rooms, layout_loops_ring,
          gammafunk_temple_overflow_elements, temple_pool_b

Skill      XL: |  1  2  3  4  5 |
---------------+----------------+-----
Fighting       | 4 |  4.6
Dodging        | 1 |  1.9
Maces & Flails | 4 |  4.9
Stealth        | 1 |  1.0
Armour         | |  2.7

Action                   |  1- 3 |  4- 6 || total
-------------------------+-------+-------++-------
Melee: Mace              |   114 |    59 ||   173
       Kick              |       |    16 ||    16
 Cast: Shock             |       |     3 ||     3
  Use: Scroll            |       |     1 ||     1
 Stab: Confused          |     1 |       ||     1
Armor: Leather armour    |    75 |     4 ||    79
       Robe              |       |    10 ||    10
Dodge: Dodged            |    59 |    35 ||    94

Table legend: (Time is in decaauts)
 A = Elapsed time spent in this place.
 B = Non-inter-level travel time spent in this place.
 C = Inter-level travel time spent in this place.
 D = Time resting spent in this place.
 E = Time spent auto-exploring this place.
 F = Levels seen in this place.
 G = Mean time per level.
                   A        B        C        D        E       F      G
               +--------+--------+--------+--------+--------+-----+--------+
         Total |   3203 |   3023 |    180 |    169 |   2382 |   4 |  800.8 |
       Dungeon |   3203 |   3023 |    180 |    169 |   2382 |   4 |  800.8 |
               +--------+--------+--------+--------+--------+-----+--------+

Top non-repeatable levels by time:
     D:1: 1420 daAuts
     D:2: 1113 daAuts
     D:3: 511 daAuts
     D:4: 157 daAuts
